 Dungeon Crawl Stone Soup version 0.15-a0-1866-g491fd59 (webtiles) character file.

683 Kenran the Grappler (level 7, -1/57 HPs)
             Began as a Minotaur Monk on July 4, 2014.
             Killed from afar by an orc wizard (8 damage)
             ... with a puff of flame
             ... on Level 4 of the Dungeon.
             The game lasted 00:08:37 (3868 turns).

Kenran the Grappler (Minotaur Monk)                 Turns: 3868, Time: 00:08:37

HP  -1/57        AC  3     Str 16      XL: 7   Next: 35%
MP   3/3         EV 13     Int  7      God:
Gold 180         SH  0     Dex 14      Spells:  0 memorised,  6 levels left

rFire  . . .     SeeInvis .       - Unarmed
rCold  . . .     Clarity  .     a - +0 robe
rNeg   . . .     rCorr    .     (no shield)
rPois  .         rRot     .     (helmet restricted)
rElec  .         Spirit   .     e - +0 cloak
SustAb .         Warding  .     (no gloves)
rMut   .         Stasis   .     (no boots)
Gourm  .                        (no amulet)
MR     .....                    (no ring)
                                (no ring)

@: confused, not resistant to hostile enchantments, very unstealthy
A: retaliatory headbutt, horns 2
a: no special abilities


You were on level 4 of the Dungeon.
You were not hungry.

You visited 1 branch of the dungeon, and saw 4 of its levels.

You collected 180 gold pieces.

Inventory:

Armour
 a - a +0 robe (worn)
 d - a +1 plate armour
 e - a +0 cloak (worn)
Comestibles
 b - 4 bread rations
 g - 2 meat rations
 i - 2 beef jerkies
Scrolls
 h - 3 scrolls of identify
 k - 3 scrolls of teleportation
 m - a scroll of immolation {unknown}
 o - 2 scrolls of remove curse
 r - 2 scrolls of recharging {unknown}
Jewellery
 n - a cursed ring of poison resistance {unknown}
 p - an uncursed ring of protection from cold {unknown}
Potions
 c - 3 potions of curing
 f - a potion of brilliance {unknown}
 j - a potion of porridge
 q - a potion of agility {unknown}
Books
 l - a book of Callings

   Spells                             Type                      Level
   Summon Small Mammal                Summoning                    1
   Call Imp                           Summoning                    2
   Call Canine Familiar               Summoning                    3
   Summon Guardian Golem              Hexes/Summoning              4
   Summon Lightning Spire             Summoning/Air                4
   Summon Ice Beast                   Ice/Summoning                4


   Skills:
 - Level 3.6 Fighting
 - Level 3.2 Dodging
 - Level 1.5 Stealth
 + Level 9.9 Unarmed Combat


You had 6 spell levels left.
You didn't know any spells.

Dungeon Overview and Level Annotations

Branches:
Dungeon (4/15)
 Temple: D:4-7

Altars:
Cheibriados
Fedhas
Kikubaaqudgha
Nemelex Xobeh
Sif Muna
Yredelemnul
Zin


Innate Abilities, Weirdness & Mutations

You reflexively headbutt those who attack you in melee.
You have a pair of horns on your head.


Message History

Something barely misses you.
You hit something. Your headbutt misses something.
You hear some strange, mumbled words.
You are confused.
The magic dart hits you!
* * * LOW HITPOINT WARNING * * *
Items here: % )) [[ a short sword; a leather armour; a dagger; a robe; an orc corpse Ouch!
You hear some strange, mumbled words.
You are more confused.
The magic dart hits you!
* * * LOW HITPOINT WARNING * * *
Items here: % )) [[ a short sword; a leather armour; a dagger; a robe; an orc corpse Ouch!
You closely miss something. Your headbutt misses something.
You hear some strange, mumbled words.
The puff of flame hits you!
You die...

.# #.#
.#########.#
.........[.#
.#################
.# #............#
.# #.##########.#
## #.<...# #.#
#...#.# #.# ###
#...#.# #@# ..#
#...#.# #.#
..###...#.# #o#
........#.# #o#
..####..#.# #.#
..# #..#.. ..# ..#
#..## ### ..# #..#
..# #..#


You could see 2 orcs.

Vanquished Creatures
  Grinder (D:4)
  A phantom (D:4)
  2 vampire bats (D:3)
  An orc priest (D:3)
  An orc wizard (D:4)
  2 worker ants (D:4)
  Ijyb (D:4)
  The ghost of darknest the Ruffian, a weakling VSMo (D:3)
  3 adders (D:3)
  2 worms (D:2)
  4 giant geckos
  An ooze (D:1)
  12 orcs
  A ball python (D:3)
  2 bat skeletons (D:3)
  4 bat zombies (D:3)
  2 gnoll zombies (D:2)
  7 goblins
  14 hobgoblins
  13 kobolds
  A quokka (D:2)
  8 bats
  A giant cockroach (D:3)
  8 giant newts
  4 jackals
  A quokka skeleton (D:4)
  8 rats
106 creatures vanquished.

Notes
Turn   | Place    | Note
--------------------------------------------------------------
     0 | D:1      | Kenran, the Minotaur Monk, began the quest for the Orb.
     0 | D:1      | Reached XP level 1. HP: 19/19 MP: 1/1
    29 | D:1      | Reached XP level 2. HP: 15/26 MP: 1/1
   245 | D:1      | Reached skill level 5 in Unarmed Combat
   707 | D:1      | Reached XP level 3. HP: 29/31 MP: 2/2
  1321 | D:2      | Reached skill level 6 in Unarmed Combat
  1362 | D:2      | Found a basalt altar of Yredelemnul.
  1649 | D:3      | Reached XP level 4. HP: 39/39 MP: 2/2
  1663 | D:3      | Noticed darknest's ghost (weakling VSMo)
  1672 | D:3      | Killed darknest's ghost
  1888 | D:3      | Found a sparkling altar of Nemelex Xobeh.
  1969 | D:3      | Found a glowing silver altar of Zin.
  2217 | D:3      | Found an ancient bone altar of Kikubaaqudgha.
  2224 | D:3      | Reached skill level 7 in Unarmed Combat
  2224 | D:3      | Reached XP level 5. HP: 45/45 MP: 2/2
  2271 | D:3      | Found a snail-covered altar of Cheibriados.
  2475 | D:3      | Found a deep blue altar of Sif Muna.
  2484 | D:3      | Found a blossoming altar of Fedhas.
  2888 | D:4      | Noticed Grinder
  2889 | D:4      | Paralysed by Grinder for 4 turns
  2899 | D:4      | Killed Grinder
  2899 | D:4      | Reached skill level 9 in Unarmed Combat
  2899 | D:4      | Reached XP level 6. HP: 38/51 MP: 3/3
  3233 | D:4      | Noticed Ijyb
  3240 | D:4      | Reached XP level 7. HP: 36/57 MP: 3/3
  3259 | D:4      | Killed Ijyb
  3539 | D:4      | Noticed a phantom
  3564 | D:4      | Killed a phantom
  3868 | D:4      | Killed from afar by an orc wizard

Action                   |  1- 3 |  4- 6 |  7- 9 || total
-------------------------+-------+-------+-------++-------
Melee: Unarmed           |   126 |    93 |    42 ||   261
  Use: Scroll            |     4 |       |       ||     4
 Stab: Sleeping          |     1 |     2 |     1 ||     4
       Distracted        |       |     1 |       ||     1
